 Dungeon Crawl Stone Soup version 0.16-a0-4112-g89a4107 (webtiles) character file.

78 dysrexia the Insei (level 4, -1/32 HPs)
             Began as a Merfolk Transmuter on Feb 27, 2015.
             Killed from afar by an orc wizard (7 damage)
             ... with a magic dart
             ... on level 3 of the Dungeon.
             The game lasted 00:08:24 (2377 turns).

dysrexia the Insei (Merfolk Transmuter)             Turns: 2377, Time: 00:08:25

Health: -1/32      AC:  3    Str: 10    XL:     4   Next: 36%
Magic:  6/7        EV: 12    Int: 13    God:
Gold:   99         SH:  0    Dex: 14    Spells: 2 memorised, 4 levels left

rFire  . . .     SeeInvis .       - Unarmed
rCold  . . .     Clarity  .     g - +0 leather armour
rNeg   . . .     SustAb   .     (no shield)
rPois  .         Gourm    .     (helmet restricted)
rElec  .         Spirit   .     (no cloak)
rCorr  .         Warding  .     (no gloves)
rMut   .         Stasis   .     (no boots)
MR     .....                    (no amulet)
Stlth  +.........               (no ring)
                                (no ring)

@: appendage, not resistant to hostile enchantments, very unstealthy
A: change form in water, swift swim, horns 2
a: End Transformation


You were on level 3 of the Dungeon.
You were not hungry.
You had grown temporary horns.
You visited 1 branch of the dungeon, and saw 3 of its levels.

You collected 99 gold pieces.

Inventory:

Missiles
 b - 28 arrows
 m - 33 stones (quivered)
 o - 15 arrows of dispersal
 p - 19 poisoned needles
Armour
 c - a +0 robe
 g - a +0 leather armour (worn)
Scrolls
 f - 3 scrolls of amnesia
 h - 3 scrolls of identify
 j - a scroll of fear
Books
 d - a book of Changes

   Spells                             Type                      Level
   a - Beastly Appendage              Transmutation                1
   b - Sticks to Snakes               Transmutation                2
   c - Spider Form                    Transmutation/Poison         3
   d - Ice Form                       Ice/Transmutation            4
   e - Blade Hands                    Transmutation                5
Comestibles
 a - 2 bread rations
 k - a beef jerky


   Skills:
 - Level 1.1 Fighting
 - Level 2.6 Dodging
 + Level 4.5 Unarmed Combat
 - Level 2.0 Spellcasting
 + Level 4.5 Transmutations


You had 4 spell levels left.
You knew the following spells:

 Your Spells              Type           Power        Failure   Level  Hunger
a - Beastly Appendage     Trmt           ##....       6%          1    ##.....
b - Sticks to Snakes      Trmt           ##........   10%         2    ###....


Dungeon Overview and Level Annotations

Branches:
Dungeon (3/15)

Altars:

Annotations:
D:1 1 runed door


Innate Abilities, Weirdness & Mutations

You revert to your normal form in water.
You are very nimble and swift while swimming.
You have a pair of horns on your head.


Message History

The orc wizard hits you with a dagger. The orc closely misses you.
You hit the orc wizard.
The orc wizard is moderately wounded.
The orc closely misses you.
The orc wizard mumbles some strange words.
The orc wizard blinks!
The orc hits you with a dagger.
You hit the orc. Your headbutt misses the orc.
The orc is severely wounded.
The orc misses you.
The orc wizard mumbles some strange words.
The orc wizard seems to speed up.
You hit the orc but do no damage.
The orc is severely wounded.
The orc hits you with a hand axe.
* * * LOW HITPOINT WARNING * * *
You hit the orc wizard.
The orc wizard is severely wounded.
The orc wizard casts a spell at you. The magic dart hits you!
You die...

# ########.. ...
.[...g.... #.#
########.. ..
............######.#
####### .......o@).#
#.#....oo###
##.....# #.....#
#######


You could see an orc wizard and 2 orcs.

Vanquished Creatures
  An adder (D:2)
  3 worms (D:2)
  2 giant geckos (D:1)
  An ooze (D:2)
  3 orcs (D:3)
  3 bats
  4 giant cockroaches
  6 goblins
  5 hobgoblins
  2 jackals (D:1)
  A quokka (D:2)
  2 giant newts
  9 kobolds
  4 rats
46 creatures vanquished.

Notes
Turn   | Place    | Note
--------------------------------------------------------------
     0 | D:1      | dysrexia, the Merfolk Transmuter, began the quest for the Orb.
     0 | D:1      | Reached XP level 1. HP: 15/15 MP: 3/3
     1 | D:1      | Found a runed door.
   269 | D:1      | Reached XP level 2. HP: 21/21 MP: 2/4
   739 | D:2      | Reached skill level 4 in Unarmed Combat
   739 | D:2      | Reached XP level 3. HP: 16/26 MP: 4/6
  1784 | D:2      | Reached XP level 4. HP: 28/32 MP: 7/7
  1973 | D:2      | Learned a level 2 spell: Sticks to Snakes
  2019 | D:3      | HP: 1/32 [something/magic dart (6)]
  2377 | D:3      | Killed from afar by an orc wizard

Action                   |  1- 3 |  4- 6 || total
-------------------------+-------+-------++-------
Melee: Unarmed           |   136 |    55 ||   191
Throw: Stone             |     3 |       ||     3
 Cast: Beastly Appendage |    19 |     5 ||    24
  Use: Scroll            |     3 |     4 ||     7
  Eat: Chunk             |     3 |     2 ||     5
